 Dungeon Crawl Stone Soup version 0.29.1-1-gd02db6906a (webtiles) character file.

Game seed: 13332538036544481263

3042 hikkokomori the Fighter (level 9, -3/101 HPs)
             Began as an Ogre Fire Elementalist on Oct 6, 2022.
             Was an Initiate of Okawaru.
             Slain by a two-headed ogre
             ... wielding a +0 giant club
              (23 damage)
             ... on level 8 of the Dungeon.
             The game lasted 00:17:45 (10158 turns).

hikkokomori the Fighter (Ogre Fire Elementalist)   Turns: 10158, Time: 00:17:45

Health: -3/101     AC:  7    Str: 14    XL:     9   Next: 86%
Magic:  12/12      EV:  9    Int: 20    God:    Okawaru [......]
Gold:   567        SH:  0    Dex:  9    Spells: 7/13 levels left

rFire   + . .      SeeInvis .   q - +8 lance "Wyrmbane" {slay drac, rPois rF+ rC+ AC+3}
rCold   + . .      Faith    .   (no shield)
rNeg    . . .      Spirit   .   a - +1 robe
rPois   +          Reflect  .   (helmet restricted)
rElec   .          Harm     .   (no cloak)
rCorr   .          Rampage  .   (gloves unavailable)
Will    .....                   (boots unavailable)
Stlth   +.........              (no amulet)
HPRegen 0.26/turn               j - +4 ring of slaying
MPRegen 0.13/turn               n - ring of flight

@: flying, hasted, very quick
A: large, unfitting armour, tough skin 1
a: Renounce Religion


You were on level 8 of the Dungeon.
You worshipped Okawaru.
Okawaru was noncommittal.
You visited 2 branches of the dungeon, and saw 9 of its levels.
You also visited: Ossuary.

You collected 567 gold pieces.

Inventory:

Hand Weapons
 f - a +1 dagger
 q - the +8 lance "Wyrmbane" (weapon) {slay drac, rPois rF+ rC+ AC+3}
   (You found it on level 3 of the Dungeon)

   It inflicts extra damage against dragons and draconians.
   AC:        It affects your AC (+3).
   rF:        It protects you from fire.
   rC:        It protects you from cold.
   rPois:     It protects you from poison.
Armour
 a - a +1 robe (worn)
Jewellery
 j - a +4 ring of slaying (left hand)
 l - a ring of protection from cold
 n - a ring of flight (right hand)
 o - a ring of protection from cold
 C - an amulet of regeneration
Wands
 d - a wand of iceblast (13)
 B - a wand of charming (16)
Scrolls
 e - 5 scrolls of teleportation
 g - 2 scrolls of enchant armour
 h - 2 scrolls of blinking {unknown}
 p - 2 scrolls of enchant weapon
 s - a scroll of fear
 t - 5 scrolls of identify
 v - a scroll of vulnerability {unknown}
 z - a scroll of torment {unknown}
 A - a scroll of fog
Potions
 b - a potion of magic
 i - 4 potions of attraction
 k - 3 potions of degeneration
 m - 2 potions of haste
 r - 2 potions of brilliance
 u - 2 potions of curing
 w - 2 potions of might {unknown}
 x - a potion of lignification {unknown}
 D - a potion of invisibility {unknown}


   Skills:
 + Level 10.2 Fighting
 + Level 7.1 Polearms
 - Level 1.8 Dodging
 - Level 1.4 Stealth
 - Level 2.5 Spellcasting
 + Level 5.8 Conjurations
 - Level 5.0 Fire Magic


You had 7 spell levels left.
You knew the following spells:

 Your Spells              Type           Power      Damage    Failure   Level
a - Foxfire               Conj/Fire      96%        2x1d8     1%          1
b - Static Discharge      Conj/Air       14%        3-5/arc   7%          2
c - Conjure Flame         Conj/Fire      24%        6-21      4%          3

Your spell library contained the following spells:

 Spells                   Type           Power      Damage    Failure   Level
 Scorch                   Fire           44%        2d7       3%          2
 Inner Flame              Hex/Fire       12%        N/A       16%         3
 Flame Wave               Conj/Fire      24%        2d8       16%         4
 Sticky Flame             Conj/Fire      24%        2d5       16%         4
 Dispel Undead            Necr           2%         3d7       83%         4
 Passage of Golubria      Tloc           2%         N/A       83%         4
 Yara's Violent Unravell  Hex/Tmut       1%         3d3       99%         5
 Tukima's Dance           Hex            Unusable   N/A       N/A         3

Dungeon Overview and Level Annotations

Branches:
Dungeon (8/15)             Temple (1/1) D:7         Ossuary (visited)
   Lair: D:8-11

Altars:
Ashenzari
Cheibriados
Dithmenos
Elyvilon
Fedhas
Gozag
Hepliaklqana
Kikubaaqudgha
Makhleb
Nemelex Xobeh
Okawaru
Qazlal
Ru
Sif Muna
Trog
Uskayaw
Vehumet
Wu Jian
Xom
Yredelemnul
Zin
The Shining One

Shops:
D:2 (   D:3 *

Annotations:
D:6 2 transporters, croobank's ghost, novice OpSu
D:7 2 transporters, Huetiris's ghost, novice MiFi


Innate Abilities, Weirdness & Mutations

You are too large for most types of armour.
You have tough skin. (AC +1)


Message History

The howler monkey is heavily wounded.
The howler monkey hits you.
You closely miss the howler monkey.
The howler monkey is heavily wounded.
You puncture the howler monkey!
You kill the howler monkey!
Okawaru accepts your kill.
No target in view!
No target in view!
Found a sacrificial altar of Ru.
Found a hide-covered altar of Uskayaw.
r - 2 potions of brilliance (gained 1)
Found a robe.
A two-headed ogre comes into view. It is wielding two +0 giant clubs.
The two-headed ogre shouts in stereo!
A two-headed ogre is nearby!
You feel yourself speed up.
You barely miss the two-headed ogre. You puncture the two-headed ogre!
The two-headed ogre is moderately wounded.
The two-headed ogre hits you with a +0 giant club!!
The two-headed ogre hits you with a +0 giant club.
You hit the two-headed ogre.
The two-headed ogre is moderately wounded.
You puncture the two-headed ogre!
The two-headed ogre is heavily wounded.
You barely miss the two-headed ogre.
The two-headed ogre is heavily wounded.
The two-headed ogre completely misses you.
The two-headed ogre hits you with a +0 giant club!!
You barely miss the two-headed ogre.
The two-headed ogre is heavily wounded.
You puncture the two-headed ogre!
The two-headed ogre is severely wounded.
You puncture the two-headed ogre!
The two-headed ogre is almost dead.
The two-headed ogre hits you with a +0 giant club!!
* * * LOW HITPOINT WARNING * * *
The two-headed ogre hits you with a +0 giant club!!
You die...

#.......# ####.####
#.# #.# #####.#
#.....# #.#####
######### #.#
#########.O.....#
#.# #.......#@# #.#
###.#####.#.#####.
..#
#.................#
###
#.#.####..#.#####..
#.#.###...#.#
#............
##.###.._..###
######.###..8..#
##..........._..#


You could see a two-headed ogre.

Vanquished Creatures
  Sigmund (D:5)
  A wraith (Ossuary)
  Menkaure (D:6)
  2 water moccasins
  2 ice beasts
  An orc warrior (D:8)
  2 black bears (D:7)
  An ogre (D:4)
  A centaur (D:8)
  A bullfrog (D:7)
  2 necrophages
  A gnoll sergeant (D:7)
  5 scorpions
  6 killer bees (D:8)
  4 howler monkeys
  4 hounds
  2 jellies
  5 orc priests
  A gnoll bouda (D:7)
  2 iguanas
  4 orc wizards
  3 mummies (Ossuary)
  8 adders
  7 gnolls
  An ufetubus (D:3)
  A worm (D:5)
  3 dart slugs
  27 orcs
  4 bats
  11 endoplasms
  3 giant cockroaches
  6 goblins
  7 hobgoblins
  9 kobolds
  8 quokkas
  7 ball pythons
  6 frilled lizards
  4 goblin zombies (Ossuary)
  3 hobgoblin zombies (Ossuary)
  2 kobold zombies (Ossuary)
  2 rats
171 creatures vanquished.

Vanquished Creatures (collateral kills)
  2 gnolls (D:7)
2 creatures vanquished.

Vanquished Creatures (others)
  82 foxfires
82 creatures vanquished.

Grand Total: 255 creatures vanquished

Notes
Turn   | Place    | Note
-------+----------+-------------------------------------------
     0 | D:1      | hikkokomori the Ogre Fire Elementalist began the quest for
                  | the Orb.
     0 | D:1      | Reached XP level 1. HP: 16/16 MP: 3/3
    80 | D:1      | Reached skill level 1 in Conjurations
   301 | D:1      | Reached XP level 2. HP: 13/26 MP: 3/5
   471 | D:1      | Reached skill level 1 in Fighting
  1042 | D:1      | Reached XP level 3. HP: 21/35 MP: 6/6
  1224 | D:1      | Reached skill level 2 in Fighting
  1246 | D:1      | Learned a level 2 spell: Static Discharge
  1401 | D:2      | You fall into a shaft and drop 1 floor!
  1401 | D:3      | Found Viob's Assorted Antiques.
  1883 | D:1      | HP: 1/36 [adder (1)]
  1897 | D:1      | Reached XP level 4. HP: 29/44 MP: 2/7
  2182 | D:2      | Found a faded altar of an unknown god.
  2206 | D:2      | Reached skill level 3 in Fighting
  2584 | D:2      | Found Piparche's Weapon Boutique.
  2685 | D:2      | HP: 1/45 [gnoll/+0 spear (2)]
  3715 | D:3      | Found the +8 lance "Wyrmbane" {slay drac, rPois rF+ rC+
                  | AC+3}
  3717 | D:3      | Found a broken altar of Ashenzari.
  3780 | D:3      | Learned a level 3 spell: Conjure Flame
  3831 | D:3      | Reached XP level 5. HP: 16/54 MP: 8/8
  3834 | D:3      | Reached skill level 4 in Fighting
  3834 | D:3      | Reached skill level 1 in Polearms
  3838 | D:3      | HP: 2/54 [something (4)]
  4211 | D:3      | Reached XP level 6. HP: 62/63 MP: 9/9
  4775 | D:4      | Found a sand-covered staircase.
  4804 | D:4      | Reached skill level 5 in Fighting
  4822 | Ossuary  | Entered an ossuary
  4822 | Ossuary  | Noticed a wraith
  4822 | Ossuary  | Noticed a wraith
  4822 | Ossuary  | Noticed a wraith
  5185 | Ossuary  | Noticed a wraith
  5192 | Ossuary  | Killed a wraith
  5193 | Ossuary  | Reached skill level 5 in Fire Magic
  5193 | Ossuary  | Reached XP level 7. HP: 65/74 MP: 10/10
  5281 | D:4      | Reached skill level 6 in Fighting
  5608 | D:5      | Entered Level 5 of the Dungeon
  5833 | D:5      | Reached XP level 8. HP: 84/84 MP: 11/11
  5896 | D:5      | Noticed Sigmund
  5905 | D:5      | Killed Sigmund
  5906 | D:5      | Reached skill level 7 in Fighting
  6059 | D:5      | Found an ornate altar of the Wu Jian Council.
  6060 | D:5      | Found a sparkling altar of Nemelex Xobeh.
  6258 | D:5      | Found an opulent altar of Gozag.
  6270 | D:5      | Reached skill level 5 in Polearms
  6522 | D:5      | Found a glowing silver altar of Zin.
  6788 | D:6      | Reached skill level 8 in Fighting
  6817 | D:6      | Found a basalt altar of Yredelemnul.
  6843 | D:6      | Found a transporter.
  6845 | D:6      | Noticed croobank's ghost (novice OpSu)
  6847 | D:6      | Noticed a two-headed ogre
  6880 | D:6      | Found a transporter.
  6894 | D:6      | Noticed Menkaure
  6901 | D:6      | Killed Menkaure
  7197 | D:6      | Reached XP level 9. HP: 96/97 MP: 12/12
  8045 | D:7      | Identified the +0 ring mail "Umobaur" {Str+4 Int-4 Dex+2}
  8128 | D:7      | Found an opulent altar of Gozag.
  8263 | D:7      | Reached skill level 9 in Fighting
  8502 | D:7      | Found a transporter.
  8587 | D:7      | Noticed Huetiris's ghost (novice MiFi)
  8645 | D:7      | Found a staircase to the Ecumenical Temple.
  8765 | D:7      | Reached skill level 5 in Conjurations
  8865 | D:7      | Found a transporter.
  8889 | D:7      | Noticed a queen bee
  9110 | Temple   | Entered the Ecumenical Temple
  9435 | Temple   | Became a worshipper of Warmaster Okawaru
  9708 | D:8      | Reached skill level 10 in Fighting
 10130 | D:8      | Found a sacrificial altar of Ru.
 10134 | D:8      | Found a hide-covered altar of Uskayaw.
 10149 | D:8      | Noticed a two-headed ogre
 10158 | D:8      | Slain by a two-headed ogre

Illustrated notes

Levels and vault maps discovered:
D:1:      dpeg_arrival_snail, layout_basic
D:2:      layout_rooms, shapermc_ecumenical_altar_venn, serial_shops,
          nicolae_square_shop, nrook_loot_triangle, minmay_close_crescents
D:3:      layout_loops_ring, amcnicky_altar_gilded, serial_shops,
          nicolae_shop_statue_plus, lemuel_flame_loot_1
D:4:      layout_basic, nicolae_ossuary_entry_monument
D:5:      layout_basic, mainiacjoe_overflow_alcove_1,
          nicolae_overflow_two_pavilions, minmay_ruined_shrine, uniq_sigmund
D:6:      layout_gridville, yredelemnul_altar_generic, gammafunk_ghost_smash,
          uniq_menkaure
D:7:      layout_layer_cave, nicolae_gozag_seed_capital,
          minmay_temple_entry_statues_pillars, gammafunk_ghost_hive
D:8:      layout_loops_cross, chequers_temple_overflow_statue_of_worship,
          biasface_ghost_orc_armoury
Temple:   nicolae_temple_two_arcs

Skill      XL: |  1  2  3  4  5  6  7  8  9 |
---------------+----------------------------+-----
Conjurations   | 1 2 4 5 |  5.8
Fighting       | 1 2 3 4 5 6 8 10 | 10.2
Fire Magic     | 3 4 5 |  5.0
Polearms       | 1 3 4 5 7 |  7.1
Dodging        | |  1.8
Stealth        | |  1.4
Spellcasting   | |  2.5

Action                   |  1- 3 |  4- 6 |  7- 9 || total
-------------------------+-------+-------+-------++-------
Melee: Unarmed           |    13 |       |       ||    13
       Dagger            |    72 |   104 |       ||   176
       Lance             |       |    91 |   242 ||   333
       Punch             |       |     1 |     2 ||     3
 Cast: Foxfire           |    45 |     4 |       ||    49
       Static Discharge  |       |     2 |       ||     2
Evoke: Wand              |       |       |     5 ||     5
  Use: Potion            |     2 |     3 |     4 ||     9
       Scroll            |       |    13 |     2 ||    15
 Stab: Sleeping          |     1 |     2 |     2 ||     5
Armor: Robe              |    58 |    76 |    54 ||   188
Dodge: Dodged            |    86 |    82 |    84 ||   252
